AoeStats
← harooooo

Coastal Forest

503263291Analyzed
4v4 RM · 1mo ago on Aug 30, 2026· 19m 34s· 8 players
Game mode
Random Map
Map size
Large (8 player)
Population
200
Speed
Normal
Resources
Standard
Victory
Conquest
Starting age
Dark Age
Ending age
Imperial Age
RankedLock teamsTeams togetherTeam positionsShared explorationLock speedFull tech treeHidden civsTurbo modeCheats
Victory
Defeat
🇭🇷 Hindustanis · Croatia
1570
+16
🇧🇦 Chinese · Bosnia & Herzegovina
1547
+17
🇧🇦 Cumans · Bosnia & Herzegovina
1492
+19
🇷🇸 Burmese · Serbia
1424
+22
🇲🇽 Bulgarians · Mexico
1589
-20
🇺🇸 Spanish · United States
1572
-19
🇺🇸 Bengalis · United States
1559
-18
🇺🇸 Byzantines · United States
1559
-18
YOGRANNYCANTSCRAP
5:28 Loom
10:11 Feudal Age
16:48 Fletching
Thundernips, The Ultimate Gigolo
6:47 Loom
10:48 Feudal Age
12:32 Double-Bit Axe
15:23 Castle Age
13:06 Fishing Lines
16:21 Bow Saw
16:28 Medium Warships
17:07 Forging
17:38 Horse Collar
18:15 Gillnets
Moris )
6:37 Loom
9:01 Feudal Age
9:39 Double-Bit Axe
15:08 Forging
Feisty
10:32 Feudal Age
9:31 Loom
15:40 Castle Age
15:10 Double-Bit Axe
Jimmy
7:03 Loom
9:29 Feudal Age
14:52 Fletching
15:36 Padded Archer Armor
18:10 Double-Bit Axe
19:48 Horse Collar
Pitlja
5:58 Loom
9:29 Feudal Age
10:08 Double-Bit Axe
10:30 Horse Collar
16:55 Scale Barding Armor
18:27 Forging
19:34 Gold Mining
harooooo
0:27 Loom
10:30 Feudal Age
14:53 Castle Age
13:05 Double-Bit Axe
16:03 Medium Warships
15:33 Fishing Lines
16:42 Bow Saw
17:09 Wheelbarrow
17:41 Fletching
AckeLegenda
8:49 Loom
10:35 Feudal Age
17:12 Castle Age
Connection lost

Rejoining the realm…

Still unreachable

The connection could not be restored.

Session expired

The server has moved on; the page needs a fresh start.